 Dungeon Crawl Stone Soup version 0.32-a0-841-g4648e6c457 (webtiles) character file.

Game seed: 8516697321784509540

6643 Alarak the Basher (level 11, -20/84 HPs)
             Began as a Formicid Fighter on Mar 26, 2024.
             Was a Follower of Qazlal.
             Demolished by a two-headed ogre
             ... wielding the +10 dark maul {heavy}
              (60 damage)
             ... on level 8 of the Dungeon on Mar 27, 2024.
             The game lasted 00:33:59 (9350 turns).

Alarak the Basher (Formicid Fighter)                Turns: 9350, Time: 00:33:59

Health: -20/84     AC: 14    Str: 24    XL:     11   Next: 22%
Magic:  11/11      EV:  9    Int:  9    God:    Qazlal [*.....]
Gold:   647        SH:  8    Dex: 13    Spells: 10/10 levels left

rFire   . . .        l - +2 flail (distort)
rCold   + . .        c - +1 buckler
rNeg    . . .        z - +2 scale mail {rC+}
rPois   .            (helmet unavailable)
rElec   .            p - +0 cloak
rCorr   .            (no gloves)
SInv    +            (no boots)
Will    +....        (no amulet) Stlth
                     y - +4 ring of protection
HPRegen 0.34/turn    (no ring)
MPRegen 0.12/turn

%: no passive effects
@: no status effects
A: permanent stasis, dig shafts and tunnels, antennae 3, four strong arms
a: Dig, Shaft Self, Renounce Religion


You were on level 8 of the Dungeon.
You worshipped Qazlal.
Qazlal was aware of your devotion.
You visited 2 branches of the dungeon, and saw 10 of its levels.

You collected 647 gold pieces.

Inventory:

Hand Weapons
 a - a +0 war axe of draining
 l - a +2 flail of distortion (weapon)
 B - a +2 flail
Missiles
 m - a throwing net
 E - 2 boomerangs
 H - 6 javelins
 J - 5 poisoned darts (quivered)
Armour
 c - a +1 buckler (worn)
 p - a +0 cloak (worn)
 s - a +1 scale mail of willpower
 z - a +2 scale mail of cold resistance (worn)
Jewellery
 y - a +4 ring of protection (left hand)
Talismans
 g - a blade talisman
Wands
 t - a wand of iceblast (17)
 w - a wand of digging (5)
 C - a wand of mindburst (3)
Scrolls
 b - 4 scrolls of fog
 e - 2 scrolls of torment
 i - 2 scrolls of amnesia
 j - 4 scrolls of brand weapon
 v - 2 scrolls of identify
 F - a scroll of revelation
 G - a scroll of poison
Potions
 d - 2 potions of might
 f - a potion of brilliance
 h - 2 potions of heal wounds
 k - 2 potions of mutation {unknown}
 n - 5 potions of curing {unknown}
 o - a potion of attraction {unknown}
 q - a potion of berserk rage {unknown}
 r - a potion of lignification {unknown}
 u - a potion of cancellation {unknown}
 x - a potion of enlightenment {unknown}
 A - a potion of resistance {unknown}
 D - a potion of degeneration {unknown}


   Skills:
 + Level 7.1 Fighting
 - Level 4.6(10.1) Axes
 - Level 13.9(14.2) Maces & Flails
 - Level 3.2 Armour
 - Level 2.1 Dodging
 - Level 6.3 Shields


You had 10 spell levels left.
You didn't know any spells.
Your spell library contained the following spells:

 Spells                   Type           Power      Damage    Failure   Level
 Kiss of Death            Conj/Necr      0%         2d5       75%         1
 Confusing Touch          Hex            0%         N/A       98%         3
 Tukima's Dance           Hex            0%         N/A       98%         3
 Dispel Undead            Necr           0%         3d6       100%        4
 Manifold Assault         Tloc           0%         N/A       100%        4
 Passage of Golubria      Tloc           0%         N/A       100%        4
 Yara's Violent Unravell  Hex/Alch       0%         3d3       100%        5
 Dispersal                Tloc           0%         N/A       100%        6
 Sculpt Simulacrum        Ice/Alch       0%         N/A       100%        6
 Ozocubu's Refrigeration  Ice            0%         4d7       100%        7
 Disjunction              Tloc           0%         N/A       100%        8
 Polar Vortex             Ice            0%         N/A       100%        9


Dungeon Overview and Level Annotations

Branches:
Dungeon (9/15)             Temple (1/1) D:4            Lair (0/5) D:8
    Orc: D:9-12

Altars:
Ashenzari
Dithmenos
Elyvilon
Fedhas
Gozag
Hepliaklqana
Kikubaaqudgha
Makhleb
Nemelex Xobeh
Okawaru
Qazlal
Ru
Sif Muna
Trog
Uskayaw
Vehumet
Wu Jian
Xom
Yredelemnul
Zin
The Shining One

Shops:
D:6 *   D:9 :

Annotations:
D:8 !Dark Maul OGre
D:9 1 runed translucent door


Innate Abilities, Weirdness & Mutations

You cannot be hasted, slowed, berserked, paralysed or teleported.
You can dig through walls and to a lower floor.
You have a pair of large antennae on your head. (SInv)
Your four strong arms can wield two-handed weapons with a shield.


Message History

Items here: ( ) [ ÷.
I - 3 atropa-tipped darts Search for what [Enter for "throw", or ? for help]?
You see here a wyvern skeleton.
There is a stone staircase leading up here.
Warning, next level annotated: !Dark Maul OGre You climb upwards.
There is a stone staircase leading down here.
You see here a +0 club.
Things that are here:
a +0 halberd; a gnoll skeleton
Items here: ))) [.
Items here: ( ))))) [ ÷÷.
J - 6 poisoned darts
Things that are here:
a +0 robe; a +0 battleaxe You throw an atropa-tipped dart.
The atropa-tipped dart hits the two-headed ogre.
The two-headed ogre resists.
You throw an atropa-tipped dart.
The atropa-tipped dart barely misses the two-headed ogre.
You throw an atropa-tipped dart.
The atropa-tipped dart hits the two-headed ogre.
The two-headed ogre resists.
Okay, then.
You throw a poisoned dart.
The poisoned dart hits the two-headed ogre.
The two-headed ogre barely misses you. You block the two-headed ogre's attack.
The two-headed ogre is engulfed in freezing vapours.
The two-headed ogre attacks as it pursues you!
The two-headed ogre hits you with the +10 dark maul!!!
Ouch! That really hurt!
The two-headed ogre hits you with a +0 giant club!!
* * * LOW HITPOINT WARNING * * *
Okay, then.
You feel much better.
The two-headed ogre attacks as it pursues you!
The two-headed ogre hits you with the +10 dark maul!!!
Ouch! That really hurt!
You die...

## ##.######......#.## .##
#....#####.....#..#
..###..#.......#...##.##
#..##..#.#######...##..#
##)##..#.......#...###.#
.........####......#...#
##.......####......#.###
((..........#......#.#
...............O@..>.#
#####...#####........#
.####.#.#####......#.#
##....#[[..........#.##
...####)####.......#..####
#.>.###)# ##......##....#
.#...##)# #...<..#####.#
..#####)#####.##.........#
#................#########


You could see a two-headed ogre.

Vanquished Creatures
  A fire crab (D:8)
  Pikel (D:9)
  Joseph (D:8)
  Prince Ribbit (D:5)
  2 wyverns
  5 yaks (D:8)
  3 steam dragons
  A water moccasin (D:9)
  3 orc warriors
  An ice beast (D:7)
  A sky beast (D:7)
  An ogre (D:7)
  4 centaurs
  A kobold brigand (D:8)
  2 lemures (D:9)
  A brain worm (D:4)
  2 bullfrogs (D:9)
  A scorpion (D:5)
  7 wights
  A burial acolyte (D:7)
  A howler monkey (D:5)
  A bombardier beetle (D:4)
  A centaur zombie (D:3)
  2 jellies (D:6)
  7 hounds
  2 orc priests (D:4)
  Crazy Yiuf (D:3)
  A sleepcap (D:7)
  A gnoll bouda (D:8)
  A human skeleton (D:6)
  11 orc wizards
  3 iguanas
  A hound skeleton (D:6)
  8 gnolls
  7 adders
  3 adder zombies
  4 dart slugs
  2 ribbon worms (D:3)
  18 orcs
  2 bats (D:2)
  8 endoplasms
  4 giant cockroaches
  10 goblins
  6 hobgoblins
  4 jackals
  4 quokkas
  7 ball pythons
  2 ball python zombies (D:3)
  5 frilled lizards
  A jackal zombie (D:7)
  7 kobolds
  5 rats
180 creatures vanquished.

Vanquished Creatures (others)
  3 kobolds (D:8)
3 creatures vanquished.

Grand Total: 183 creatures vanquished

Notes
Turn   | Place    | Note
-------+----------+-------------------------------------------
     0 | D:1      | Alarak the Formicid Fighter began the quest for the Orb.
     0 | D:1      | Reached XP level 1. HP: 18/18 MP: 1/1
   130 | D:1      | Reached XP level 2. HP: 25/25 MP: 2/2
   288 | D:1      | Found a faded altar of an unknown god.
   411 | D:1      | Reached XP level 3. HP: 30/30 MP: 3/3
  1037 | D:2      | Reached XP level 4. HP: 29/37 MP: 4/4
  1991 | D:3      | Found a basalt altar of Yredelemnul.
  1998 | D:3      | Reached XP level 5. HP: 42/42 MP: 5/5
  2135 | D:3      | Reached skill level 1 in Maces & Flails
  2150 | D:3      | Found a runed translucent door.
  2151 | D:3      | Noticed Crazy Yiuf
  2309 | D:3      | Reached skill level 2 in Maces & Flails
  2516 | D:3      | Killed Crazy Yiuf
  2517 | D:3      | Reached XP level 6. HP: 32/48 MP: 6/6
  2622 | D:4      | Found a shimmering altar of Xom.
  2639 | D:4      | Reached skill level 3 in Maces & Flails
  2697 | D:4      | Found an iron altar of Okawaru.
  2787 | D:4      | Reached skill level 4 in Maces & Flails
  2853 | D:4      | Reached XP level 7. HP: 43/54 MP: 7/7
  2927 | D:4      | Reached skill level 5 in Maces & Flails
  3075 | D:4      | Found a staircase to the Ecumenical Temple.
  3122 | Temple   | Entered the Ecumenical Temple
  3206 | D:4      | Found a broken altar of Ashenzari.
  3210 | D:4      | Saw a vision of the Swamp and the Spider Nest.
  3210 | D:4      | Noticed a spark wasp
  3210 | D:4      | Noticed an orb spider
  3210 | D:4      | Noticed a tarantella
  3210 | D:4      | Noticed a redback
  3210 | D:4      | Noticed a steelbarb worm
  3211 | D:4      | Noticed a tarantella
  3212 | D:4      | Noticed a tarantella
  3212 | D:4      | Noticed a spark wasp
  3213 | D:4      | Noticed a jumping spider
  3215 | D:4      | Noticed a bunyip
  3215 | D:4      | Noticed a thorn hunter
  3312 | D:4      | Found a hide-covered altar of Uskayaw.
  3312 | D:4      | Found a shimmering blue altar of Sif Muna.
  3845 | D:5      | Entered Level 5 of the Dungeon
  3878 | D:5      | Reached skill level 6 in Maces & Flails
  4089 | D:5      | Identified the +2 helmet of Miguked {+Inv}
  4148 | D:5      | Noticed Prince Ribbit
  4166 | D:5      | Killed Prince Ribbit
  4167 | D:5      | Reached skill level 7 in Maces & Flails
  4167 | D:5      | Reached XP level 8. HP: 32/60 MP: 8/8
  4448 | D:5      | Found an ornate altar of the Wu Jian Council.
  4752 | D:6      | Found Ifophu's Gadget Gallery.
  4925 | D:6      | Reached skill level 8 in Maces & Flails
  5259 | D:6      | Reached skill level 9 in Maces & Flails
  5392 | D:6      | Reached XP level 9. HP: 64/65 MP: 9/9
  5614 | D:6      | Found a burning altar of Makhleb.
  5965 | D:7      | Reached skill level 10 in Maces & Flails
  6057 | D:7      | Found an ancient bone altar of Kikubaaqudgha.
  6215 | D:7      | Found a stormy altar of Qazlal.
  6272 | D:7      | Became a worshipper of Qazlal Stormbringer
  6555 | D:7      | Noticed a white ugly thing
  6558 | D:7      | Banished a white ugly thing
  6559 | D:7      | Reached skill level 11 in Maces & Flails
  6909 | D:8      | Reached XP level 10. HP: 71/71 MP: 10/10
  6919 | D:8      | Reached skill level 12 in Maces & Flails
  7149 | D:8      | Found a staircase to the Lair.
  7149 | D:8      | Noticed a fire crab
  7156 | D:8      | Upgraded the game from 0.32-a0-834-geaf45d8e21 to
                  | 0.32-a0-841-g4648e6c457
  7194 | D:8      | Killed a fire crab
  7195 | D:8      | Reached skill level 13 in Maces & Flails
  7497 | D:8      | Reached skill level 1 in Dodging
  7731 | D:8      | Reached skill level 5 in Shields
  7734 | D:8      | Noticed Joseph
  7743 | D:8      | Killed Joseph
  7808 | D:8      | Noticed a two-headed ogre
  7811 | D:8      | Noticed a two-headed ogre
  8055 | D:8      | Reached XP level 11. HP: 61/77 MP: 11/11
  8088 | D:9      | Found a sparkling altar of Nemelex Xobeh.
  8214 | D:9      | Found a bloodstained altar of Trog.
  8258 | D:9      | Reached * piety under Qazlal
  8296 | D:9      | Reached skill level 5 in Fighting
  8303 | D:9      | Found Boamexes's Book Emporium.
  8604 | D:9      | Noticed Pikel
  8731 | D:9      | Killed Pikel
  8835 | D:9      | Noticed a two-headed ogre
  8852 | D:9      | Found a runed translucent door.
  9350 | D:8      | Demolished by a two-headed ogre

Illustrated notes

Levels and vault maps discovered:
D:1:      dpeg_arrival_orchard, layout_basic,
          shapermc_ecumenical_altar_mp_highgroup,
          chequers_serial_rivers_small_3, minmay_tripent
D:2:      layout_loops_corners, minmay_tromino_i4
D:3:      layout_basic, nicolae_yredelemnul_corpse_copse, minmay_vboxes,
          uniq_crazy_yiuf_cottage
D:4:      layout_basic, grunt_ashenzari_visionary
          [grunt_ashenzari_visionary_swamp, grunt_ashenzari_visionary_spider],
          okawaru_gym_becter, nicolae_overflow_two_pavilions, xom_butterflies,
          minmay_temple_entry_mini_moons
D:5:      layout_basic, nzn_wu_jian_contemplation, minmay_misc_feat_hallway,
          uniq_prince_ribbit1
D:6:      minmay_flawed_box, layout_basic, makhleb_blood_cavern_becter,
          nicolae_shop_gadgets
D:7:      layout_rooms, kennysheep_little_box,
          lemuel_zombie_altar_kikubaaqudgha, kennysheep_generic_room_7
D:8:      layout_rooms, minmay_lair_entry_lava,
          hellmonk_guarded_unrand_dark_maul, uniq_joseph
D:9:      layout_rooms, mainiacjoe_overflow_tiny_flanked,
          nicolae_overflow_crystal_walls, minmay_st_funbox,
          nicolae_take_the_stairs, patterned_corridor, uniq_pikel
Temple:   nicolae_temple_cloud_nine

Skill      XL: |  1  2  3  4  5  6  7  8  9 10 11 |
---------------+----------------------------------+-----
Fighting       | 4 7 |  7.1
Axes           | 3 4 |  4.6
Maces & Flails | 2 4 7 9 11 13 | 13.9
Dodging        | 2 |  2.1
Shields        | 6 |  6.3
Armour         | |  3.2

Action                     |  1- 3 |  4- 6 |  7- 9 | 10-12 || total
---------------------------+-------+-------+-------+-------++-------
  Melee: War axe           |    90 |    75 |       |       ||   165
         Flail             |       |    58 |   204 |   184 ||   446
  Throw: Stone             |     5 |     3 |       |       ||     8
         Dart              |       |       |       |     4 ||     4
    Use: Scroll            |     3 |     8 |     6 |     1 ||    18
         Potion            |       |       |       |     1 ||     1
 Armour: Scale mail        |    68 |   100 |   146 |   106 ||   420
  Dodge: Dodged            |    35 |    56 |    45 |    47 ||   183
  Block: Buckler           |    30 |    43 |    47 |    47 ||   167

Table legend: (Time is in decaauts)
 A = Elapsed time spent in this place.
 B = Non-inter-level travel time spent in this place.
 C = Inter-level travel time spent in this place.
 D = Time resting spent in this place.
 E = Time spent auto-exploring this place.
 F = Levels seen in this place.
 G = Mean time per level.
                   A        B        C        D        E       F      G
               +--------+--------+--------+--------+--------+-----+--------+
         Total |   9378 |   8828 |    550 |    735 |   6518 |  10 |  937.8 |
       Dungeon |   9376 |   8827 |    549 |    735 |   6518 |   9 | 1041.8 |
        Temple |      1 |      0 |      1 |      0 |      0 |   1 |    1.0 |
               +--------+--------+--------+--------+--------+-----+--------+

Top non-repeatable levels by time:
     D:4: 1232 daAuts
     D:8: 1212 daAuts
     D:9: 1208 daAuts
     D:6: 1198 daAuts
     D:2: 1032 daAuts
     D:3: 981 daAuts
     D:7: 958 daAuts
     D:5: 871 daAuts
     D:1: 680 daAuts
  Temple: 1 daAuts
